 Dungeon Sprint DCSS version 0.30-a0-1161-g0704695555 (webtiles) character file.

Game seed: 4659547502351982672

2020 sircluck the Severer (level 9, -4/96 HPs)
             Began as a Hill Orc Berserker on Apr 27, 2023.
             Was a High Priest of Trog.
             Slain by a vampire knight
             ... wielding a +0 battleaxe
              (27 damage)
             ... in the Dungeon (Sprint VII: "The Pits").
             The game lasted 00:03:46 (881 turns).

sircluck the Severer (Hill Orc Berserker)            Turns: 881, Time: 00:03:46

Health: -4/96      AC: 13    Str: 24    XL:     9   Next: 23%
Magic:  9/9        EV: 10    Int:  7    God:    Trog [*****.]
Gold:   0          SH:  0    Dex: 10    Spells: 8/8 levels left

rFire   . . .        i - +2 hand axe
rCold   . . .        (no shield)
rNeg    . . .        n - +3 chain mail
rPois   .            (no helmet)
rElec   .            (no cloak)
rCorr   .            (no gloves)
SInv    .            (no boots)
Will    .....        (no amulet) Stlth
                     (no ring)
HPRegen 0.36/turn    (no ring)
MPRegen 0.11/turn

%: no teleportation
@: on berserk cooldown, slowed, very slow
A: no striking features
a: Renounce Religion, Berserk, Trog's Hand, Brothers in Arms


You were in the Dungeon.
You worshipped Trog.
Trog was extremely pleased with you.
You visited 1 branch

Inventory:

Hand Weapons
 a - a +0 hand axe
 i - a +2 hand axe (weapon)
Missiles
 d - 10 stones (quivered)
 o - 5 poisoned darts
Armour
 b - a +0 animal skin
 m - a +3 scale mail
 n - a +3 chain mail (worn)
Potions
 c - 2 potions of invisibility
 e - a potion of haste
 f - 4 potions of magic
 g - 3 potions of berserk rage
 k - 2 potions of heal wounds
 l - 5 potions of curing


   Skills:
 + Level 14.9 Fighting
 + Level 16.9 Axes
 + Level 7.8 Armour
 + Level 6.0 Dodging
 + Level 1.1 Stealth


You had 8 spell levels left.
You didn't know any spells.
Your spell library was empty.

Dungeon Overview and Level Annotations

Branches:
Dungeon (1/1)

Altars:
Ashenzari
Cheibriados
Dithmenos
Elyvilon
Fedhas
Gozag
Hepliaklqana
Kikubaaqudgha
Makhleb
Nemelex Xobeh
Okawaru
Qazlal
Ru
Sif Muna
Trog
Uskayaw
Vehumet
Wu Jian
Xom
Yredelemnul
Zin
The Shining One
Beogh
Jiyva
Lugonu


Message History

You swap places.
The vampire knight closely misses your butterfly.
The vampire knight bites your butterfly!
Your butterfly dies!
Your butterfly disappears in a burst of colours!
The vampire knight hits your butterfly with a +0 battleaxe!!
Your butterfly dies!
Your butterfly disappears in a burst of colours!
You swap places.
The vampire knight hits your butterfly with a +0 battleaxe!!
Your butterfly dies!
Your butterfly disappears in a burst of colours!
The vampire knight hits your butterfly with a +0 battleaxe!
Your butterfly dies!
Your butterfly disappears in a burst of colours!
You feel much better.
The vampire knight points at you and mumbles some strange words.
The vampire knight blinks!
The vampire knight barely misses your butterfly.
The vampire knight barely misses something.
The vampire knight closely misses your butterfly.
You feel much better.
The vampire knight hits you with a +0 battleaxe!!
The vampire knight hits something with a +0 battleaxe!
The vampire knight barely misses your butterfly.
The vampire knight misses your butterfly.
The vampire knight bites you.
The vampire knight draws strength from your injuries!
You hit the vampire knight but do no damage.
The vampire knight hits you with a +0 battleaxe!
* * * LOW HITPOINT WARNING * * *
The vampire knight barely misses your butterfly.
The vampire knight hits your butterfly with a +0 battleaxe!!
Your butterfly dies!
Your butterfly disappears in a burst of colours!
The vampire knight bites you.
* * * LOW HITPOINT WARNING * * *
The vampire knight draws strength from your injuries!
The vampire knight hits you with a +0 battleaxe!!
You die...

#.#..#..#..##.......##
#.##'#..#'###...<...##
#.#........##.......##
#.#........##.......##
#)###########.......##
#))#.#.##..###########
#..)....#.###### #
##.#.#b##)#.wb.# #
#....@..#b#..b #
##b#V#b##bVb...+ #
#.....bw#(#....# #
##.#.#..'.#....# #
########## #### #


You could see a vampire knight (fast, ally target) and a worm.

Vanquished Creatures
  A boulder beetle (D)
  A cyclops (D)
  An orange demon (D)
  Sigmund (D)
  A swamp drake (D)
  A black bear (D)
  An orc warrior (D)
  An ogre (D)
  A centaur (D)
  A kobold brigand (D)
  A hound (D)
  A hell rat (D)
  A gnoll (D)
  A river rat (D)
  2 white imps (D)
  An adder skeleton (D)
  2 orcs (D)
  A bat zombie (D)
  An endoplasm (D)
  3 jackals (D)
  2 frilled lizards (D)
  A kobold (D)
  2 rats (D)
29 creatures vanquished.

Notes
Turn   | Place    | Note
-------+----------+-------------------------------------------
     0 | D        | sircluck the Hill Orc Berserker began the quest for the
                  | Orb.
     0 | D        | Reached XP level 1. HP: 19/19 MP: 1/1
    11 | D        | Noticed a black bear
    11 | D        | Noticed an orange demon
    25 | D        | Killed a black bear
    26 | D        | Reached skill level 8 in Axes
    26 | D        | Reached XP level 2. HP: 34/34 MP: 2/2
    26 | D        | Reached XP level 3. HP: 39/39 MP: 3/3
    26 | D        | Reached XP level 4. HP: 47/47 MP: 4/4
    35 | D        | Killed an orange demon
    36 | D        | Reached skill level 12 in Axes
    36 | D        | Reached skill level 5 in Armour
    36 | D        | Reached XP level 5. HP: 32/60 MP: 5/5
    36 | D        | Reached XP level 6. HP: 36/68 MP: 6/6
    91 | D        | Noticed a swamp drake
    96 | D        | Reached ** piety under Trog
   120 | D        | HP: 3/68 [swamp drake (8)]
   122 | D        | Killed a swamp drake
   123 | D        | Reached skill level 13 in Axes
   123 | D        | Reached XP level 7. HP: 15/74 MP: 7/7
   395 | D        | Found a bloodstained altar of Trog.
   395 | D        | Found a shimmering blue altar of Sif Muna.
   395 | D        | Found a viscous altar of Jiyva.
   395 | D        | Found a hazy altar of Hepliaklqana.
   395 | D        | Found an opulent altar of Gozag.
   396 | D        | Found a glowing golden altar of the Shining One.
   396 | D        | Found a glowing silver altar of Zin.
   396 | D        | Found a basalt altar of Yredelemnul.
   396 | D        | Found a shimmering altar of Xom.
   396 | D        | Found an ornate altar of the Wu Jian Council.
   396 | D        | Found a sacrificial altar of Ru.
   396 | D        | Found a stormy altar of Qazlal.
   396 | D        | Found an iron altar of Okawaru.
   396 | D        | Found a sparkling altar of Nemelex Xobeh.
   396 | D        | Found a burning altar of Makhleb.
   396 | D        | Found a blossoming altar of Fedhas.
   396 | D        | Found a white marble altar of Elyvilon.
   396 | D        | Found a shadowy altar of Dithmenos.
   396 | D        | Found a snail-covered altar of Cheibriados.
   398 | D        | Found a radiant altar of Vehumet.
   398 | D        | Found a corrupted altar of Lugonu.
   398 | D        | Found a roughly hewn altar of Beogh.
   399 | D        | Found a hide-covered altar of Uskayaw.
   399 | D        | Found an ancient bone altar of Kikubaaqudgha.
   399 | D        | Found a broken altar of Ashenzari.
   417 | D        | Reached *** piety under Trog
   483 | D        | Reached **** piety under Trog
   600 | D        | Noticed Sigmund
   604 | D        | Reached ***** piety under Trog
   626 | D        | Killed Sigmund
   627 | D        | Reached skill level 14 in Axes
   639 | D        | Reached skill level 5 in Dodging
   639 | D        | Reached XP level 8. HP: 77/85 MP: 8/8
   642 | D        | Received a gift from Trog
   775 | D        | Noticed a cyclops
   784 | D        | Killed a cyclops
   785 | D        | Reached skill level 15 in Axes
   830 | D        | Noticed a vampire knight
   830 | D        | Noticed a boulder beetle
   858 | D        | Killed a boulder beetle
   858 | D        | Received a gift from Trog
   859 | D        | Reached skill level 16 in Axes
   859 | D        | Reached skill level 1 in Stealth
   859 | D        | Reached XP level 9. HP: 96/96 MP: 9/9
   881 | D        | Slain by a vampire knight

Illustrated notes

Levels and vault maps discovered:
D:        pitsprint [storerooms_1, entrance_room_1, metal_vault_6, armoury_1,
          mini_pit_1, grid_room_1, main_hall_1, silver_pit, the_coven_1,
          the_vestibule_1, steel_vault_1, golden_pit, hallway_of_sentries,
          crystal_vault_6, iron_vault_4, final_vault]

Skill      XL: |  1  2  3  4  5  6  7  8 |
---------------+-------------------------+-----
Fighting       | 7 11 12 14 | 14.9
Axes           | 8 12 13 14 16 | 16.9
Armour         | 3 5 6 7 |  7.8
Dodging        | 2 3 4 5 6 |  6.0
Stealth        | 1 |  1.1

Action                     |  1- 3 |  4- 6 |  7- 9 || total
---------------------------+-------+-------+-------++-------
  Melee: Hand axe          |     3 |    27 |   119 ||   149
         Punch             |       |       |     2 ||     2
 Invoke: Berserk           |     1 |     1 |     3 ||     5
    Use: Potion            |       |     2 |     3 ||     5
         Scroll            |       |       |     2 ||     2
 Armour: Animal skin       |       |     5 |     4 ||     9
         Chain mail        |       |       |    32 ||    32
  Dodge: Dodged            |     1 |    15 |    36 ||    52

Table legend: (Time is in decaauts)
 A = Elapsed time spent in this place.
 B = Non-inter-level travel time spent in this place.
 C = Inter-level travel time spent in this place.
 D = Time resting spent in this place.
 E = Time spent auto-exploring this place.
 F = Levels seen in this place.
 G = Mean time per level.
                   A        B        C        D        E       F      G
               +--------+--------+--------+--------+--------+-----+--------+
         Total |    859 |    824 |     35 |    349 |    109 |   1 |  859.0 |
       Dungeon |    859 |    824 |     35 |    349 |    109 |   1 |  859.0 |
               +--------+--------+--------+--------+--------+-----+--------+

Top non-repeatable levels by time:
       D: 859 daAuts
